 Dungeon Crawl Stone Soup version 0.22-a0-455-ga0624bf (webtiles) character file.

279 iamserjio the Ogre Mage (level 6, -5/61 HPs)
             Began as an Ogre Wizard on June 5, 2018.
             Slain by an iguana (9 damage)
             ... on level 4 of the Dungeon.
             The game lasted 00:19:49 (6128 turns).

iamserjio the Ogre Mage (Ogre Wizard)               Turns: 6128, Time: 00:19:49

Health: -5/61      AC:  3    Str: 12    XL:     6   Next: 26%
Magic:  10/12      EV:  9    Int: 20    God:
Gold:   127        SH:  0    Dex:  8    Spells: 5/13 levels left

rFire    . . .     SeeInvis .   B - +0 flail
rCold    . . .     Gourm    .   (no shield)
rNeg     . . .     Faith    .   a - +0 robe
rPois    .         Spirit   .   b - +0 hat
rElec    .         Reflect  .   (no cloak)
rCorr    .         Harm     .   (gloves unavailable)
MR       .....                  (boots unavailable)
Stlth    +.........             (no amulet)
HPRegen  0.20/turn              (no ring)
MPRegen  0.13/turn              (no ring)

@: drained
A: large, unfitting armour, tough skin 1
a: no special abilities


You were on level 4 of the Dungeon.
You were hungry.

You visited 2 branches of the dungeon, and saw 5 of its levels.

You collected 127 gold pieces.

Inventory:

Hand Weapons
 c - a +0 short sword
 h - a +0 club
 u - a cursed -1 dagger
 w - a +0 morningstar
 x - a +2 dagger of draining
 B - a +0 flail (weapon)
Missiles
 e - 153 stones (quivered)
 i - a throwing net
 s - 12 poisoned needles
Armour
 a - a +0 robe (worn)
 b - a +0 hat (worn)
Jewellery
 g - an uncursed ring of resist corrosion {unknown}
 k - an uncursed ring of magical power {unknown}
 y - an uncursed amulet of faith {unknown}
Scrolls
 f - 4 scrolls of remove curse
 j - 2 scrolls of identify
 m - a scroll of noise
 p - a scroll of blinking {unknown}
 v - a scroll of magic mapping {unknown}
 z - a scroll of amnesia {unknown}
Potions
 n - a potion of magic {unknown}
 o - a potion of curing {unknown}
 q - a potion of mutation {unknown}
 A - a potion of ambrosia {unknown}
Comestibles
 d - 7 rations


   Skills:
 + Level 3.2(2.4) Fighting
 * Level 3.3(2.4) Maces & Flails
 - Level 2.0(1.1) Dodging
 - Level 1.4(0.6) Stealth
 - Level 4.0(3.1) Spellcasting
 - Level 1.0(0.1) Conjurations
 * Level 2.9(2.0) Summonings
 - Level 1.0(0.1) Translocations


You had 5 spell levels left.
You knew the following spells:

 Your Spells              Type           Power        Failure   Level  Hunger
a - Magic Dart            Conj           #...         13%         1    None
b - Mephitic Cloud        Conj/Pois/Air  #.......     38%         3    ###....
c - Blink                 Tloc           N/A          21%         2    ##.....
d - Call Imp              Summ           ##......     9%          2    ##.....

Your spell library contained the following spells:

 Spells                   Type           Power        Failure   Level  Hunger
 Conjure Flame            Conj/Fire      #.......     38%         3    ###....
 Slow                     Hex            #.......     22%         2    ##.....


Dungeon Overview and Level Annotations

Branches:
Dungeon (4/15)             Temple (1/1) D:4

Altars:
Ashenzari
Cheibriados
Elyvilon
Fedhas
Gozag
Hepliaklqana
Makhleb
Nemelex Xobeh
Qazlal
Ru
Sif Muna
Uskayaw
Vehumet
Xom
Yredelemnul
Zin

Annotations:
D:4 galech's ghost, novice OgBe


Innate Abilities, Weirdness & Mutations

You are too large for most types of armour.
You have tough skin. (AC +1)


Message History

The iguana bites you!
* * * LOW HITPOINT WARNING * * *
Casting: Magic Dart (safe; 13% risk of failure)
Confirm with . or Enter, or press ? or * to list all spells.
Aiming: Magic Dart (safe; 13% risk of failure)
Press: ? - help, Shift-Dir - straight line, f/p - iguana
Aim: an iguana (almost dead)
The magic dart hits the iguana.
The iguana is almost dead.
The iguana bites you!
* * * LOW HITPOINT WARNING * * *
You aren't carrying any items that you can evoke.
Unknown command.
You closely miss the iguana.
The iguana is almost dead.
The iguana barely misses you. The iguana closely misses you.
You hit the iguana.
The iguana is almost dead.
The iguana bites you!
You die...

..........# ..
..........#..
..........#.
...........
..........# ..
..........##.#
.......l..##.#
#l# #.# #@#
#.# #.####.#
#....#.###
####.....#
##..#....#
##..## #..
#..## #.##
##.#


You could see an iguana and a leopard gecko.

Vanquished Creatures
  The ghost of pk666 the Firebug, an amateur DEFE (D:3)
  An orc wizard (D:3)
  4 gnolls (D:3)
  3 adders
  An ooze (D:3)
  2 worms (D:3)
  A dart slug (D:3)
  3 leopard geckos
  11 orcs
  2 giant cockroaches
  12 goblins
  13 hobgoblins
  6 jackals
  3 quokkas
  A ball python (D:3)
  A ball python skeleton (D:4)
  9 bats
  A frilled lizard (D:1)
  4 kobolds
  10 rats
89 creatures vanquished.

Notes
Turn   | Place    | Note
-------+----------+-------------------------------------------
     0 | D:1      | iamserjio the Ogre Wizard began the quest for the Orb.
     0 | D:1      | Reached XP level 1. HP: 16/16 MP: 5/5
    83 | D:1      | Reached skill level 1 in Conjurations
   459 | D:1      | Reached XP level 2. HP: 21/26 MP: 3/6
   460 | D:1      | Reached skill level 1 in Fighting
   707 | D:1      | Reached skill level 1 in Maces & Flails
  1057 | D:2      | Reached skill level 4 in Spellcasting
  1057 | D:2      | Reached XP level 3. HP: 32/33 MP: 0/8
  1263 | D:1      | Learned a level 3 spell: Mephitic Cloud
  1266 | D:1      | Learned a level 2 spell: Blink
  1362 | D:2      | Learned a level 2 spell: Call Imp
  1717 | D:2      | Reached skill level 1 in Summonings
  1769 | D:2      | Reached skill level 1 in Translocations
  2155 | D:2      | Reached XP level 4. HP: 40/42 MP: 3/10
  2585 | D:3      | Found a hazy altar of Hepliaklqana.
  2945 | D:3      | Noticed pk666's ghost (amateur DEFE)
  3364 | D:3      | Reached XP level 5. HP: 50/50 MP: 7/11
  4355 | D:4      | Noticed an ogre
  4355 | D:4      | Noticed a phantom
  4358 | D:4      | Noticed galech's ghost (novice OgBe)
  5240 | D:3      | Killed pk666's ghost
  5240 | D:3      | Reached XP level 6. HP: 31/61 MP: 9/12
  5554 | D:4      | Found a staircase to the Ecumenical Temple.
  5567 | Temple   | Entered the Ecumenical Temple
  6126 | D:4      | HP: 3/61 [iguana (9)]
  6128 | D:4      | Slain by an iguana

Vault maps used:
D:1:      dpeg_arrival_round_c
D:2:      first_ration
D:3:      marbit_many_paths, kennysheep_generic_room_6
D:4:      minmay_temple_entry_overgrown, uniq_pikel
Temple:   regret_index_temple_generic_petals

Skill      XL: |  1  2  3  4  5 |
---------------+----------------+-----
Conjurations   | 1 |  1.0
Dodging        | 2 |  2.0
Fighting       | 1 2 3 |  3.2
Maces & Flails | 1 2 3 |  3.3
Spellcasting   | 4 |  4.0
Summonings     | 1 2 |  2.9
Translocations | 1 |  1.0
Stealth        | |  1.4

Action                   |  1- 3 |  4- 6 || total
-------------------------+-------+-------++-------
Melee: Short sword       |    10 |       ||    10
       Club              |    37 |    13 ||    50
       Dagger            |       |    80 ||    80
       Flail             |       |    26 ||    26
Throw: Stone             |     1 |       ||     1
 Cast: Magic Dart        |   102 |   136 ||   238
       Blink             |       |     3 ||     3
Evoke: Wand              |       |     7 ||     7
  Use: Scroll            |       |     4 ||     4
  Eat: Chunk             |     4 |     9 ||    13
       Ration            |       |     1 ||     1
Armor: Robe              |    27 |    34 ||    61
Dodge: Dodged            |    61 |    90 ||   151

Table legend:
 A = Spawn XP
 B = Non-spawn XP
 C = Spawn XP percentage of total XP
 D = Spawn monster count
 E = Non-spawn monster count
 F = Spawn count percentage of total count
 G = Total turns spent on level
                    A         B        C        D         E        F      G
               +---------+---------+-------+---------+---------+-------+---------
         Total |       0 |     399 |   0.0 |       0 |      89 |   0.0 |  6128
               +---------+---------+-------+---------+---------+-------+---------
           D:1 |       0 |      37 |   0.0 |       0 |      24 |   0.0 |  1333
           D:2 |       0 |      66 |   0.0 |       0 |      22 |   0.0 |  1802
           D:3 |       0 |     292 |   0.0 |       0 |      41 |   0.0 |  2674
           D:4 |       0 |       4 |   0.0 |       0 |       2 |   0.0 |    92
               +---------+---------+-------+---------+---------+-------+---------
